AoeStats
← Topi-Petteri

Arabia

508242417Analyzed
1v1 RM · 10d ago on Sep 21, 2026· 41m 56s· 2 players
Game mode
Random Map
Map size
Tiny (2 player)
Population
200
Speed
Normal
Resources
Standard
Victory
Conquest
Starting age
Dark Age
Ending age
Imperial Age
RankedLock teamsTeams togetherTeam positionsShared explorationLock speedFull tech treeHidden civsTurbo modeCheats
Victory
Defeat
🇮🇹 Franks · Italy
795
+17
🇫🇮 Poles · Finland
821
-17
federico.7i
11:34 Feudal Age
11:44 Man-at-Arms
14:26 Wheelbarrow
15:22 Double-Bit Axe
20:50 Castle Age
20:07 Forging
20:00 Scale Mail Armor
20:54 Long Swordsman
20:54 Pikeman
25:53 Squires
26:35 Hand Cart
27:27 Husbandry
32:40 #83
32:55 Gold Mining
37:29 Imperial Age
37:22 Iron Casting
37:03 Chain Mail Armor
37:43 Elite Throwing Axeman
37:59 Halberdier
41:21 Blast Furnace
Topi-Petteri
9:48 Feudal Age
8:23 Loom
13:53 Forging
14:55 Scale Barding Armor
15:06 Double-Bit Axe
15:16 Horse Collar
16:58 Man-at-Arms
18:50 Wheelbarrow
20:00 Scale Mail Armor
26:10 Castle Age
26:14 Long Swordsman
28:00 Chain Mail Armor
29:21 Hand Cart
30:40 Light Cavalry
31:31 Bloodlines
31:21 Husbandry
32:00 Iron Casting
31:46 Chain Barding Armor
33:10 Town Watch
33:50 Bow Saw
33:42 Heavy Plow
34:51 Town Patrol
38:22 Stone Mining
38:23 Gold Mining
Connection lost

Rejoining the realm…

Still unreachable

The connection could not be restored.

Session expired

The server has moved on; the page needs a fresh start.